 Dungeon Crawl Stone Soup version 0.30-a0-1093-gcfb1e0cf12 (webtiles) character file.

Game seed: 11525600012250538801

188908 CryoSword the Lord of Darkness (level 18, -8/94 HPs)
             Began as a Vine Stalker Fighter on Apr 16, 2023.
             Was the Champion of Kikubaaqudgha.
             Mangled by a water elemental (10 damage)
             ... on level 4 of the Shoals.
             The game lasted 01:35:30 (32383 turns).

CryoSword the Lord of Darkness (VSFi)              Turns: 32383, Time: 01:35:31

Health: -8/94      AC: 18    Str: 18 (19) XL:     18   Next: 56%
Magic:  0/32       EV: 13    Int: 13 (14) God:    Kikubaaqudgha [******]
Gold:   355        SH: 15    Dex: 14 (16) Spells: 16/35 levels left

rFire   + . .      SeeInvis .    w - +5 broad axe (pain)
rCold   + . .      Faith    .    r - +3 kite shield {rPois}
rNeg    + . .      Spirit   +    o - +2 robe {rC+ rF+}
rPois   +          Reflect  .    (no helmet)
rElec   .          Rampage  .    W - +2 cloak {rCorr}
rCorr   +          Clarity  +    h - +2 pair of gloves
Will    +++++                    M - +2 pair of boots
Stlth   ++                       T - amulet of the Four Winds {rN+ Will+++ Clar}
HPRegen 1.15/turn                j - +4 ring of protection
MPRegen 0.23/turn                l - +4 ring of slaying

@: death channelling, studying Staves, very slow
A: fangs 3, regeneration 1, magic shield, antimagic bite, no potion heal 2
a: Renounce Religion, Unearth Wretches, Torment


You were on level 4 of the Shoals.
You worshipped Kikubaaqudgha.
Kikubaaqudgha was exalted by your worship.
You visited 6 branches of the dungeon, and saw 30 of its levels.

You collected 4305 gold pieces.
You spent 3950 gold pieces at shops.

Inventory:

Hand Weapons
 a - a +2 heavy broad axe
   (You found it on level 14 of the Dungeon)
 s - a +2 war axe of flaming
   (You took it off Maggie on level 6 of the Dungeon)
 w - a +5 broad axe of pain (weapon)
   (You took it off a tengu warrior on level 14 of the Dungeon)
Missiles
 g - 2 poisoned darts
 A - 15 curare-tipped darts (quivered)
 E - 8 throwing nets
Armour
 c - a +0 buckler
 h - a +2 pair of gloves (worn)
   (You found it on level 3 of the Spider Nest)
 o - a +2 robe of resistance (worn)
   (You took it off Psyche on level 12 of the Dungeon)
 r - a +3 kite shield of poison resistance (worn)
   (You took it off a tengu warrior on level 13 of the Dungeon)
 M - a +2 pair of boots (worn)
   (You found it on level 15 of the Dungeon)
 W - a +2 cloak of preservation (worn)
   (You took it off Nikola on level 3 of the Shoals)
Jewellery
 j - a +4 ring of protection (left hand)
   (You found it on level 2 of the Lair of Beasts)
 l - a +4 ring of slaying (right hand)
   (You found it on level 2 of the Dungeon)
 t - an amulet of magic regeneration
   (You found it on level 3 of the Dungeon)
 O - the amulet "Taenaoff" {Acrobat rPois rF++}
   (You acquired it on level 11 of the Dungeon)

   [amulet of the acrobat]

   It increases your evasion while moving and waiting.
   rF:        It greatly protects you from fire.
   rPois:     It protects you from poison.
 R - a ring of fire
   (You found it on level 13 of the Dungeon)
 T - the amulet of the Four Winds (around neck) {rN+ Will+++ Clar}
   (You bought it in a shop on level 2 of the Orcish Mines)

   [amulet of nothing]

   rN:        It protects you from negative energy.
   Clar:      It protects you against confusion.
   Will:      It greatly increases your willpower.
Wands
 J - a wand of mindburst (10)
   (You found it on level 8 of the Dungeon)
 K - a wand of paralysis (12)
   (You found it on level 1 of the Shoals)
 P - a wand of iceblast (6)
   (You found it on level 3 of the Lair of Beasts)
 S - a wand of quicksilver (10)
   (You took it off Sigmund on level 3 of the Dungeon)
Scrolls
 e - 2 scrolls of fog
 n - 3 scrolls of amnesia
 v - a scroll of blinking
 y - 12 scrolls of teleportation {@r4}
 C - 6 scrolls of magic mapping
 D - 9 scrolls of fear
 F - 4 scrolls of poison
 G - 2 scrolls of summoning
 I - a scroll of silence
 L - a scroll of torment {!r}
 U - 2 scrolls of vulnerability {!r}
Potions
 b - a potion of magic
 d - 6 potions of might
 f - 3 potions of resistance
 i - 4 potions of berserk rage
 k - 3 potions of invisibility
 m - 4 potions of lignification {!q}
 p - 15 potions of curing {@q1}
 q - 5 potions of mutation {!q}
 u - 8 potions of brilliance
 z - 6 potions of cancellation
 B - 4 potions of flight
 H - 8 potions of attraction {!q}
 N - 5 potions of ambrosia
 V - a potion of haste {@q3}
Miscellaneous
 Q - a phantom mirror
   (You found it on level 3 of the Lair of Beasts)


   Skills:
 + Level 10.2 Fighting
 * Level 15.7 Axes
 - Level 5.5 Armour
 + Level 5.4 Dodging
 + Level 9.6 Stealth
 * Level 11.6 Shields
 - Level 9.1 Spellcasting
 - Level 7.0 Hexes
 * Level 16.0 Necromancy
 * Level 9.1 Earth Magic


You had 16 spell levels left.
You knew the following spells:

 Your Spells              Type           Power      Damage    Failure   Level
a - Anguish               Hex/Necr       17%        N/A       2%          4
b - Borgnjor's Vile Clut  Necr/Erth      19%        N/A       4%          5
c - Death Channel         Necr           23%        N/A       5%          6
z - Animate Dead          Necr           47%        N/A       1%          4

Your spell library contained the following spells:

 Spells                   Type           Power      Damage    Failure   Level
 Kiss of Death            Conj/Necr      100%       2d13      1%          1
 Necrotise                Necr           100%       1d9       1%          1
 Vampiric Draining        Necr           47%        2d9       1%          3
 Ensorcelled Hibernation  Hex/Ice        30%        N/A       9%          2
 Stone Arrow              Conj/Erth      34%        3d9       12%         3
 Lee's Rapid Deconstruct  Erth           14%        3d9*      16%         5
 Foxfire                  Conj/Fire      20%        2x1d5     26%         1
 Freeze                   Ice            20%        1d4       26%         1
 Magic Dart               Conj           20%        1d4       26%         1
 Lesser Beckoning         Tloc           10%        N/A       36%         2
 Poisonous Vapours        Pois/Air       10%        N/A       36%         2
 Searing Ray              Conj           10%        2d4       36%         2
 Animate Armour           Summ/Erth      34%        N/A       36%         4
 Fulminant Prism          Conj/Hex       7%         3d7       52%         4
 Frozen Ramparts          Ice            10%        1d2       58%         3
 Gell's Gravitas          Tloc           5%         N/A       58%         3
 Hailstorm                Conj/Ice       5%         3d4       58%         3
 Ozocubu's Armour         Ice            5%         N/A       58%         3
 Teleport Other           Tloc           5%         N/A       58%         3
 Vhi's Electric Charge    Tloc/Air       10%        N/A       58%         3
 Volatile Blastmotes      Fire/Tloc      10%        2d10      58%         3
 Simulacrum               Ice/Necr       13%        N/A       82%         6
 Summon Mana Viper        Hex/Summ       15%        N/A       86%         5
 Infestation              Necr           23%        N/A       92%         8
 Flame Wave               Conj/Fire      5%         2d5       94%         4
 Ice Form                 Ice/Tmut       5%         N/A       94%         4
 Iskenderun's Mystic Bla  Conj/Tloc      5%         2d3       94%         4
 Olgreb's Toxic Radiance  Pois           5%         N/A       94%         4
 Summon Ice Beast         Ice/Summ       5%         N/A       94%         4
 Summon Lightning Spire   Summ/Air       5%         N/A       94%         4
 Iron Shot                Conj/Erth      8%         9d3       99%         6
 Arcjolt                  Conj/Air       2%         1d12      100%        5
 Iskenderun's Battlesphe  Conj           5%         2d6       100%        5
 Summon Forest            Summ/Tloc      2%         N/A       100%        5
 Plasma Beam              Fire/Air       2%         2x1d14    100%        6
 Summon Cactus Giant      Summ           2%         N/A       100%        6
 Haunt                    Necr/Summ      13%        N/A       100%        7
 Ozocubu's Refrigeration  Ice            2%         4d8       100%        7
 Spellforged Servitor     Conj/Summ      2%         N/A       100%        7
 Discord                  Hex            12%        N/A       100%        8
 Ignition                 Fire           2%         3d3       100%        8
 Lehudib's Crystal Spear  Conj/Erth      8%         10d4      100%        8
 Maxwell's Capacitive Co  Air            2%         ∞         100%        8
 Fire Storm               Conj/Fire      2%         8d1       100%        9


Dungeon Overview and Level Annotations

Branches:
Dungeon (15/15)            Temple (1/1) D:4            Lair (5/5) D:8
 Shoals (4/4) Lair:3       Spider (3/4) Lair:2        Slime (0/5) Lair:4
    Orc (2/2) D:12            Elf (0/3) Orc:2        Vaults (0/5) D:13
 Depths (0/4) D:15

Altars:
Ashenzari
Cheibriados
Dithmenos
Elyvilon
Fedhas
Gozag
Hepliaklqana
Kikubaaqudgha
Makhleb
Nemelex Xobeh
Okawaru
Qazlal
Ru
Sif Muna
Trog
Uskayaw
Vehumet
Wu Jian
Xom
Yredelemnul
Zin
The Shining One
Jiyva

Shops:
D:2 :   D:7 :   D:11 ?   D:15 *   Orc:1 =   Orc:2 *:((=?   Shoals:1 ?(*
Shoals:3 **

Portals:
Abyss: D:7

Annotations:
D:12 2 transporters, Ulyeps's ghost, journeyman OpFE


Innate Abilities, Weirdness & Mutations

You have razor-sharp teeth.
Your natural rate of healing is unusually fast.
When hurt, damage is shared between your health and your magic reserves.
Your bite disrupts and absorbs the magic of your enemies.
Potions cannot restore your health.


Message History

You block the manticore's attack. x2
The manticore claws you but does no damage.
You block the air elemental's attack.
You hit the air elemental. Your bite misses the air elemental.
You slash the manticore!
The manticore writhes in agony!
You block the air elemental's attack.
Your merfolk aquamancer zombie closely misses the air elemental.
The air elemental closely misses you. The manticore bites you!
The manticore misses you.
The manticore claws you but does no damage.
You miss the air elemental.
You bite the air elemental, but do no damage.
You hit the manticore.
You kill the manticore!
Kikubaaqudgha accepts your kill. You block the air elemental's attack.
The air elemental fires a burst of electricity at you.
The stunning burst hits you!
You suddenly lose the ability to move!
The air elemental hits you but does no damage.
The air elemental hits you!
Your merfolk aquamancer zombie hits the air elemental.
You can move again.
Cleave: w) +5 broad axe (pain)
Aim: an air elemental (moderately damaged, ally target, about 45% to evade your +5 broad axe of pain)
You miss the air elemental. Your bite misses the air elemental.
The air elemental hits you but does no damage.
You block the air elemental's attack.
Your merfolk aquamancer zombie closely misses the air elemental.
You block the air elemental's attack.
You slash the air elemental! Your bite misses the air elemental.
You carefully extract the barbed spikes from your body.
The air elemental hits you. x2
Your merfolk aquamancer zombie closely misses the air elemental.
You slash the air elemental!
You destroy the air elemental!
Kikubaaqudgha accepts your kill.
You start resting.
You start resting.
You see here a manticore corpse.
A water elemental comes into view.
A manticore comes into view.
A merfolk impaler comes into view.
It is wielding a +5 vampiric trident and wearing a +1 robe of willpower.
Found 11 gold pieces.
The merfolk impaler shouts!
The water elemental misses you.
A merfolk impaler comes into view. It is wielding a +0 trident.
The merfolk impaler shouts!
You slash the water elemental! You bite the water elemental.
You drain its power. The water elemental closely misses you.
You slice the water elemental!!
You destroy the water elemental!
Kikubaaqudgha accepts your kill.
A water nymph comes into view.
The manticore flicks its tail.
The volley of spikes misses you.
The volley of spikes hits your merfolk aquamancer zombie!
A water elemental comes into view.
You feel your strength returning. You block the merfolk impaler's attack.
Malign forces permeate your being, awaiting release.
The merfolk impaler hits you but does no damage.
The manticore bites you but does no damage.
The manticore barely misses you. The manticore claws you!
The merfolk impaler hits you from afar with a +0 trident.
The merfolk impaler hits you but does no damage.
The water nymph resists with almost no effort.
The merfolk impaler easily resists.
The water elemental is unaffected.
The manticore is haunted by guilt!
The merfolk impaler resists with almost no effort.
The manticore bites you but does no damage.
The manticore claws you.
The manticore is wracked by anguish.
The manticore claws you but does no damage.
The merfolk impaler hits you from afar with a +0 trident!
The merfolk impaler hits you but does no damage.
Unknown command.
You closely miss the manticore.
The merfolk impaler hits you from afar with a +0 trident!
The merfolk impaler hits you from afar with a +5 vampiric trident!
Your merfolk aquamancer zombie closely misses the manticore.
You block the manticore's attack. The manticore claws you.
The manticore is wracked by anguish.
The manticore claws you but does no damage.
The merfolk impaler hits you from afar with a +5 vampiric trident.
* * * LOW HITPOINT WARNING * * *
You block the merfolk impaler's attack.
You completely miss the manticore. Your bite misses the manticore.
The merfolk impaler misses you. The merfolk impaler barely misses you.
You block the manticore's attack.
The manticore claws you but does no damage.
The manticore claws you.
* * * LOW HITPOINT WARNING * * *
The manticore is wracked by anguish.
Your merfolk aquamancer zombie hits the manticore.
The merfolk impaler hits you but does no damage.
The merfolk impaler closely misses you.
You barely miss the manticore.
The water nymph touches your merfolk zombie!
You block the manticore's attack.
The manticore claws you but does no damage. x2
Your merfolk zombie hits the manticore.
You block the merfolk impaler's attack.
The merfolk impaler hits you but does no damage.
Your merfolk aquamancer zombie closely misses the manticore.
You slash the manticore! Your bite misses the manticore.
The merfolk impaler completely misses you.
You block the merfolk impaler's attack.
The water nymph touches your merfolk zombie.
You block the manticore's attack. The manticore closely misses you.
The manticore claws you but does no damage.
Your merfolk zombie hits the manticore!
The merfolk impaler hits you from afar with a +0 trident!
* * * LOW HITPOINT WARNING * * *
You block the merfolk impaler's attack.
Your merfolk aquamancer zombie barely misses the manticore.
You hit the manticore but do no damage.
The manticore writhes in agony.
You bite the manticore, but do no damage.
The merfolk impaler hits you from afar with a +0 trident.
* * * LOW HITPOINT WARNING * * *
The water nymph touches your merfolk zombie.
You block the merfolk impaler's attack. You block the manticore's attack.
The manticore claws you but does no damage. x2
The water elemental hits your merfolk zombie!
Your merfolk zombie is destroyed!
You slice the manticore!!
You kill the manticore!
Kikubaaqudgha accepts your kill.
A glowing mist starts to gather...
The merfolk impaler hits you from afar with a +0 trident!
* * * LOW HITPOINT WARNING * * *
The merfolk impaler hits you from afar with a +5 vampiric trident!
* * * LOW HITPOINT WARNING * * *
The merfolk impaler completely misses you.
The merfolk impaler hits you from afar with a +5 vampiric trident.
* * * LOW HITPOINT WARNING * * *
As you read the scroll of fear, it crumbles to dust.
You assume a fearsome visage.
The water nymph easily resists.
The merfolk impaler looks frightened!
The water elemental is unaffected.
The merfolk impaler resists with some effort.
You block the merfolk impaler's attack. The water nymph touches you!
* * * LOW HITPOINT WARNING * * *
The water nymph drowns you!
* * * LOW HITPOINT WARNING * * *
Splash!
You fall into the shallow water.
Moving in this stuff is going to be slow.
Your merfolk aquamancer zombie hits the water elemental.
The water elemental hits you!
You die...
Kikubaaqudgha rasps: "You have failed me!
Welcome... death!"

,,,,,,*8,,,,,,,,,,,,,,,,,,8#~~~.~
+**,,,*,,,...~~~~~~~##$,,,,#.~~~~
~~**,,*,,,~~~~~.#.*~~~~~*,,#~#.#~
~~~*,,*,,~~~~.~~~##~.#~~~~,#~~..~
,~~*,,*,,~~~~~~~~~.~~~~~*,,#~#~#~
~~~*,,*,,,,,##~~~~~m~~,,,,,#~~~~.
~~**,,*8,,,,,..~~m..,,,,,,8#~..#~
***,,^***#######mE##########~~~.~
,,,,,,,,,....Z..@Z.......†..~#~#~
*,,,,,,,,...................~~~~~
*********########################
*********************************
~~~~~~~~~~~~~~~~~~~~~~~~~~~~~~~~~
~~~~~~~~~~~~~~~~~~~~~~~~~~~~~~~~~
~~~~~~~~~~~~~~~~~~~~~~~~~~~~~~~~~
~~~~~~~~~~~~~~~~~~~~~~~~~~~~~~~~~
~~~~~~~~~~~~~~~~~~~~~~~~~~~~~~~~~


You could see 2 merfolk impalers, a water elemental, a water nymph, a friendly
spectral manticore and a friendly merfolk aquamancer zombie.

Vanquished Creatures
  Arachne (Spider:2)
  Agnes (Spider:2)
  Aizul (Spider:2)
  Louise (Shoals:2)
  An emperor scorpion (Spider:1)
  The ghost of Kiciri the Severer, a journeyman DsGl of Makhleb (D:13)
  An orc warlord (Orc:2)
  A broodmother (Spider:2)
  Nessos (D:13)
  2 spark wasps
  A merfolk javelineer (Shoals:3)
  Snorg (D:14)
  2 entropy weavers
  Harold (D:9)
  7 hydras
  2 jorogumos (Spider:2)
  A merfolk avatar (Shoals:3)
  An anaconda (shapeshifter) (D:13)
  A catoblepas (Lair:4)
  8 centaur warriors
  2 two-headed ogres
  2 merfolk aquamancers
  An alligator snapping turtle (Shoals:2)
  6 death yaks
  3 boulder beetles
  2 tengu warriors (D:14)
  An orc high priest (Orc:2)
  Amaemon (D:9)
  3 pharaoh ants
  Lodul (D:14)
  7 sea snakes
  5 skysharks
  Pikel (D:7)
  2 steelbarb worms
  A lindwurm (Lair:5)
  3 harpies
  A wizard (D:15)
  A necromancer (D:15)
  2 orc knights (Orc:2)
  7 cyclopes
  2 deep elf pyromancers
  A wolf spider zombie (D:15)
  The ghost of Gandelf the Thaumaturge, a novice SpCj of Vehumet (D:7)
  9 wolf spiders
  16 manticores
  9 fauns
  A deep elf zephyrmancer (D:15)
  An orc sorcerer (Orc:2)
  10 ugly things
  A centaur zombie (D:15)
  6 merfolk sirens
  12 elephants
  3 torpor snails
  5 water nymphs
  4 black mambas
  3 demonic crawlers
  3 gargoyles
  An orange demon (D:9)
  8 cane toads
  Psyche (D:12)
  Maggie (D:6)
  3 kobold demonologists (D:13)
  4 rime drakes
  A centaur skeleton (D:15)
  2 komodo dragons
  A freezing wraith (D:15)
  An ancient zyme (D:7)
  A tengu conjurer (D:13)
  A queen bee (Lair:3)
  A meliai (D:15)
  7 trolls
  A tarantella (shapeshifter) (D:14)
  12 merfolk
  A hornet (D:8)
  3 polar bears (Lair:5)
  5 wind drakes
  10 tarantellas
  7 dream sheep
  9 blink frogs
  4 snapping turtles
  4 culicivoras (Spider:1)
  12 jumping spiders
  Sigmund (D:3)
  3 air elementals
  5 slime creatures
  3 wraiths
  29 yaks
  11 water elementals
  7 wyverns
  5 hogs (D:12)
  3 basilisks
  A steam dragon (Lair:3)
  23 redbacks
  6 vampire mosquitoes
  2 acid dragons (D:10)
  10 water moccasins
  25 orc warriors
  4 ice beasts
  2 black bears
  16 ogres
  6 wolves
  20 centaurs
  A lemure (D:7)
  A phantom (D:6)
  2 small abominations (D:7)
  10 kobold brigands
  Blork the orc (D:5)
  2 gnoll sergeants
  2 scorpions
  6 bullfrogs
  5 wights
  16 killer bees
  3 electric eels
  A howler monkey (D:9)
  4 hounds
  12 orc priests
  Crazy Yiuf (D:2)
  An iron imp (D:7)
  3 jellies
  Jessica (D:3)
  4 gnoll boudas
  16 orc wizards
  Terence (D:3)
  An iguana (D:4)
  5 hell rats
  A mummy (D:6)
  6 adders
  17 gnolls
  4 river rats (Lair:3)
  A shadow imp (D:8)
  2 white imps
  2 worms (D:2)
  4 dart slugs
  57 orcs
  7 bats
  6 endoplasms
  2 giant cockroaches
  10 goblins
  2 hobgoblins
  4 jackals (D:4)
  9 kobolds
  A quokka (D:1)
  8 ball pythons
  3 frilled lizards (D:2)
  9 rats
  2 tentacles (Shoals:1)
714 creatures vanquished.

Vanquished Creatures (collateral kills)
  Mara (Shoals:3)
  Nikola (Shoals:3)
  2 krakens
  Kirke (D:12)
  An emperor scorpion (Spider:2)
  2 ghost moths (Spider:2)
  An ironbound preserver (D:13)
  A broodmother (Spider:3)
  A merfolk javelineer (Shoals:3)
  An entropy weaver (Spider:1)
  Josephine (D:12)
  A jorogumo (Spider:3)
  A hydra (D:13)
  3 merfolk avatars
  3 catoblepae
  A radroach (Spider:2)
  3 boulder beetles
  A satyr (Shoals:1)
  A two-headed ogre (D:10)
  A merfolk aquamancer (Shoals:4)
  A tengu warrior (D:13)
  3 death yaks
  4 skysharks
  4 pharaoh ants
  An orb spider (Spider:3)
  3 sea snakes
  A steelbarb worm (Spider:2)
  5 harpies
  6 ugly things (D:14)
  3 fauns
  A moth of wrath (Spider:1)
  4 wolf spiders
  3 manticores
  2 elephants
  A black mamba (Lair:4)
  A naga mage (D:15)
  3 demonic crawlers
  2 water nymphs (Shoals:2)
  3 merfolk sirens
  A gargoyle (D:12)
  3 cane toads
  A centaur skeleton (D:15)
  A kobold demonologist (D:12)
  A rime drake (Lair:3)
  2 komodo dragons (Lair:5)
  A polar bear (Lair:1)
  A meliai (D:15)
  9 merfolk
  A wind drake (Shoals:1)
  6 tarantellas
  A jumping spider zombie (Spider:1)
  3 blink frogs
  2 snapping turtles (Shoals:3)
  2 dream sheep
  19 jumping spiders
  An air elemental (Shoals:4)
  4 culicivoras
  5 slime creatures
  2 wraiths (D:12)
  A water elemental (Shoals:2)
  2 wyverns
  4 yaks
  A hog (D:12)
  27 redbacks
  2 vampire mosquitoes
  2 water moccasins (Lair:5)
  An orc warrior (Orc:2)
  2 ogres (Orc:2)
  8 wolves
  2 centaurs
  3 kobold brigands
  2 bullfrogs (Lair:3)
  9 killer bees (Lair:3)
  An electric eel (Spider:2)
  An orc priest (D:9)
  2 orc wizards (Orc:2)
  A hell rat (Lair:3)
  A gnoll (Orc:2)
  2 river rats (Lair:3)
  7 orcs
  2 rats (Lair:3)
  A tentacle (Shoals:2)
229 creatures vanquished.

Vanquished Creatures (others)
  2 emperor scorpions (Spider:2)
  2 ghost moths
  3 broodmothers
  2 spark wasps (Spider:2)
  An entropy weaver (Spider:2)
  2 radroaches (Spider:2)
  2 jorogumos
  A centaur warrior (D:15)
  A deep troll shaman (Lair:5)
  A boulder beetle (Spider:2)
  An emperor scorpion zombie (Spider:1)
  A skyshark (Shoals:2)
  A fire crab (Lair:4)
  A pharaoh ant (Spider:1)
  A spark wasp zombie (Spider:2)
  A sea snake (Shoals:2)
  A spriggan zombie (Spider:2)
  An anaconda zombie (D:13)
  2 orb spiders (Spider:1)
  A ghost moth zombie (Spider:2)
  A wizard (D:15)
  A harpy (Shoals:2)
  5 wolf spider zombies
  2 steelbarb worms (Spider:1)
  2 orc knights (Orc:2)
  2 broodmother zombies
  2 jorogumo zombies
  3 wolf spiders
  4 manticores
  4 ugly things (D:14)
  2 fauns (Shoals:2)
  2 elephants
  4 ugly thing zombies (D:14)
  A gargoyle (D:14)
  A cane toad (Lair:4)
  2 sea snake zombies
  2 death yak zombies (Lair:5)
  A kobold demonologist (D:13)
  A catoblepas zombie (Lair:5)
  A komodo dragon (Lair:5)
  A steelbarb worm zombie (Spider:1)
  10 redback zombies
  A meliai (D:15)
  2 hydra zombies
  A polar bear (Lair:4)
  A demonic crawler zombie (Spider:1)
  3 culicivora zombies (Spider:1)
  6 jumping spider zombies
  3 tarantellas (Spider:1)
  A tarantella zombie (Spider:1)
  A boulder beetle zombie (Spider:2)
  A dream sheep (Shoals:4)
  3 meliai zombies (D:15)
  10 jumping spiders
  2 culicivoras
  2 slime creature zombies (D:14)
  2 yaks (D:12)
  A wyvern (Lair:5)
  A hog (D:12)
  5 redbacks
  A wind drake zombie (Shoals:4)
  A basilisk (Lair:3)
  2 faun zombies (Shoals:2)
  4 merfolk zombies
  A skyshark zombie (Shoals:2)
  An entropy weaver zombie (Spider:1)
  A water moccasin (Lair:5)
  A black bear (Lair:5)
  6 elephant zombies
  9 orc warriors (Orc:2)
  5 manticore zombies
  A wolf (Lair:4)
  A kobold brigand (D:13)
  2 wyvern zombies
  3 water moccasin zombies
  A troll zombie (Orc:2)
  A yak zombie (D:12)
  4 killer bees (Lair:3)
  A wolf zombie (Lair:3)
  9 centaur zombies
  A basilisk zombie (Lair:3)
  5 kobold zombies (D:13)
  An orc priest (Orc:1)
  6 killer bee zombies (Lair:3)
  2 ogre zombies (Orc:2)
  A howler monkey zombie (D:9)
  A steam dragon zombie (Lair:3)
  3 orcs
  3 gnoll zombies
  27 orc zombies (Orc:2)
  A fire vortex (Lair:1)
  25 fungi
  120 plants
  11 tentacles
390 creatures vanquished.

Grand Total: 1333 creatures vanquished

Notes
Turn   | Place    | Note
-------+----------+-------------------------------------------
     0 | D:1      | CryoSword the Vine Stalker Fighter began the quest for the
                  | Orb.
     0 | D:1      | Reached XP level 1. HP: 11/11 MP: 2/2
   131 | D:1      | Reached XP level 2. HP: 15/16 MP: 3/3
   468 | D:2      | Reached XP level 3. HP: 19/19 MP: 4/4
   570 | D:2      | Found Bas Koex's Book Emporium.
   946 | D:2      | Found a runed translucent door.
   947 | D:2      | Noticed Crazy Yiuf
  1400 | D:3      | Noticed Sigmund
  1422 | D:2      | Gained mutation: Your natural rate of healing is unusually
                  | fast. [Vine Stalker growth]
  1422 | D:2      | Reached XP level 4. HP: 6/23 MP: 5/5
  1561 | D:3      | Found a faded altar of an unknown god.
  1638 | D:3      | Killed Sigmund
  1639 | D:3      | Reached skill level 5 in Axes
  1639 | D:3      | Reached XP level 5. HP: 14/27 MP: 2/6
  1639 | D:3      | Reached XP level 6. HP: 16/32 MP: 2/7
  1885 | D:3      | Noticed Terence
  1889 | D:3      | Killed Terence
  1952 | D:3      | Noticed Jessica
  1953 | D:3      | Killed Jessica
  2482 | D:4      | Found a staircase to the Ecumenical Temple.
  2488 | Temple   | Entered the Ecumenical Temple
  2579 | Temple   | Became a worshipper of Kikubaaqudgha
  2902 | D:5      | Entered Level 5 of the Dungeon
  2937 | D:5      | Reached XP level 7. HP: 34/35 MP: 6/8
  3097 | D:5      | Identified the +3 great mace "Suerruk" {protect, Int+2}
  3270 | D:5      | Reached skill level 1 in Necromancy
  3272 | D:5      | Reached skill level 2 in Necromancy
  3394 | D:5      | Noticed Blork the orc
  3405 | D:5      | Killed Blork the orc
  3809 | D:6      | Noticed Maggie
  3841 | D:6      | Killed Maggie
  3842 | D:6      | Reached skill level 4 in Necromancy
  3842 | D:6      | Gained mutation: You have razor-sharp teeth. [Vine Stalker
                  | growth]
  3842 | D:6      | Reached XP level 8. HP: 22/39 MP: 9/9
  3935 | D:6      | Reached skill level 5 in Necromancy
  4117 | D:6      | Reached skill level 6 in Necromancy
  4268 | D:6      | Found a snail-covered altar of Cheibriados.
  4328 | D:6      | Found an ornate altar of the Wu Jian Council.
  4404 | D:7      | Reached * piety under Kikubaaqudgha
  4404 | D:7      | Received a gift from Kikubaaqudgha
  4426 | D:7      | Reached XP level 9. HP: 42/43 MP: 10/10
  4436 | D:6      | Reached skill level 7 in Necromancy
  4488 | D:7      | Learned a level 4 spell: Animate Dead
  4532 | D:7      | Found a white marble altar of Elyvilon.
  4636 | D:7      | Found a one-way gate to the infinite horrors of the Abyss.
  4636 | D:7      | Noticed Gandelf's ghost (novice SpCj)
  4637 | D:7      | Noticed a troll
  4640 | D:7      | Noticed an ancient zyme
  4648 | D:7      | Killed a troll
  4649 | D:7      | Reached skill level 1 in Spellcasting
  4672 | D:7      | Found a transporter.
  4812 | D:7      | Noticed Pikel
  4839 | D:7      | Killed Pikel
  4840 | D:7      | Reached skill level 1 in Stealth
  4840 | D:7      | Reached skill level 8 in Necromancy
  5023 | D:7      | Found Haotiber's Book Shoppe.
  5231 | D:7      | Found a transporter.
  5274 | D:8      | Noticed a rime drake
  5287 | D:7      | Killed a rime drake
  5289 | D:7      | Reached XP level 10. HP: 21/49 MP: 9/14
  5324 | D:8      | Found a staircase to the Lair.
  5333 | D:8      | Paralysed by a hornet for 3 turns
  5662 | D:8      | Found a broken altar of Ashenzari.
  6274 | D:9      | Noticed Harold
  6294 | D:9      | Killed Harold
  6295 | D:9      | Reached skill level 9 in Necromancy
  6320 | D:9      | Reached ** piety under Kikubaaqudgha
  6562 | D:9      | Reached skill level 10 in Axes
  6638 | D:9      | Noticed Amaemon
  6638 | D:9      | Noticed an orange demon
  6642 | D:9      | Killed an orange demon
  6643 | D:9      | Reached skill level 5 in Stealth
  6649 | D:9      | Killed Amaemon
  6650 | D:9      | Reached XP level 11. HP: 39/54 MP: 15/18
  6652 | D:9      | Found a sacrificial altar of Ru.
  6701 | D:9      | Reached skill level 5 in Fighting
  6763 | D:10     | Entered Level 10 of the Dungeon
  6846 | D:10     | Noticed a two-headed ogre
  6855 | D:10     | Killed a two-headed ogre
  7212 | D:10     | Noticed a two-headed ogre
  7222 | D:10     | Killed a two-headed ogre
  7237 | D:10     | You fall into a shaft and drop 3 floors!
  7247 | D:13     | Noticed a centaur warrior
  7258 | D:13     | Killed a centaur warrior
  7260 | D:13     | Reached *** piety under Kikubaaqudgha
  7260 | D:13     | Received a gift from Kikubaaqudgha
  7266 | D:13     | Learned a level 4 spell: Anguish
  7272 | D:13     | Learned a level 5 spell: Borgnjor's Vile Clutch
  7290 | D:13     | Noticed a centaur warrior
  7297 | D:13     | Killed a centaur warrior
  7309 | D:13     | Noticed a cyclops
  7316 | D:13     | Killed a cyclops
  7317 | D:13     | Reached skill level 5 in Shields
  7317 | D:13     | Reached skill level 5 in Spellcasting
  7317 | D:13     | Reached skill level 1 in Hexes
  7317 | D:13     | Reached skill level 10 in Necromancy
  7372 | D:12     | Noticed a manticore
  7404 | D:12     | Killed a manticore
  7500 | D:12     | Found a transporter.
  7502 | D:12     | Noticed Ulyeps's ghost (journeyman OpFE)
  7531 | D:12     | Noticed Josephine
  7539 | D:12     | Killed Josephine
  7546 | D:12     | Reached XP level 12. HP: 52/60 MP: 20/20
  7565 | D:12     | Noticed Psyche
  7584 | D:12     | Killed Psyche
  7708 | D:12     | Identified the +5 shortbow "Hydrabane" {antimagic, Str+5
                  | Int-2}
  7844 | D:11     | Found Dinisar's Magic Scroll Shop.
  7855 | D:11     | Bought a scroll of noise for 15 gold pieces
  7936 | D:10     | Got the Quarto of the Tundra and Nephomancy
  8826 | D:11     | Bought a scroll of acquirement for 780 gold pieces
  8828 | D:11     | Acquired the amulet "Taenaoff" {Acrobat rPois rF++}
  8911 | Lair:1   | Entered Level 1 of the Lair of Beasts
  8934 | Lair:1   | Found a burning altar of Makhleb.
  9111 | Lair:1   | Reached **** piety under Kikubaaqudgha
  9522 | Lair:1   | Reached skill level 11 in Necromancy
  9994 | Lair:2   | Noticed an eight-headed hydra
 10001 | Lair:2   | Killed a four-headed hydra
 10291 | Lair:2   | Reached XP level 13. HP: 41/66 MP: 20/23
 10514 | Lair:2   | Found a hole to the Spider Nest.
 11017 | Lair:3   | Reached skill level 1 in Dodging
 11345 | Lair:3   | Reached ***** piety under Kikubaaqudgha
 11416 | Lair:3   | Found a staircase to the Shoals.
 11637 | Lair:3   | Reached skill level 12 in Necromancy
 12127 | Lair:4   | Found a staircase to the Slime Pits.
 12131 | Lair:4   | Found a viscous altar of Jiyva.
 12147 | Lair:4   | Reached skill level 5 in Hexes
 12556 | Lair:4   | Reached XP level 14. HP: 66/72 MP: 22/25
 13415 | Lair:5   | Entered Level 5 of the Lair of Beasts
 14638 | Lair:5   | Reached skill level 13 in Necromancy
 14703 | Lair:5   | Identified the +4 trident of the Durable God {drain,
                  | Stlth+}
 14831 | Lair:5   | Learned a level 6 spell: Death Channel
 14831 | Lair:5   | Upgraded the game from 0.30-a0-1085-g990a428a5c to
                  | 0.30-a0-1093-gcfb1e0cf12
 15395 | D:12     | Found a staircase to the Orcish Mines.
 15442 | D:12     | Reached ****** piety under Kikubaaqudgha
 15541 | D:12     | Found a transporter.
 15589 | D:12     | Noticed Kirke
 15598 | D:12     | Reached skill level 1 in Earth Magic
 15603 | D:12     | Killed Kirke
 15910 | D:13     | Found a gate to the Vaults.
 15910 | D:13     | Noticed an ironbound preserver
 15924 | D:13     | Reached XP level 15. HP: 48/77 MP: 22/28
 16142 | D:13     | Found a runed translucent gate.
 16142 | D:13     | Found a runed translucent gate.
 16142 | D:13     | Found a runed translucent gate.
 16142 | D:13     | Noticed Kiciri's ghost (journeyman DsGl)
 16342 | D:13     | Noticed Nessos
 16352 | D:13     | Killed Nessos
 16353 | D:13     | Reached skill level 5 in Armour
 16603 | D:13     | Got the Atlas of the Dragon and the Storm
 16929 | D:14     | Noticed Snorg
 16936 | D:14     | Killed Snorg
 17025 | D:14     | Identified the +8 war axe of the Hurting Gods {drain,
                  | *Noise rN++ Will+++}
 17058 | D:14     | Found a white marble altar of Elyvilon.
 17970 | D:14     | Noticed Lodul
 17975 | D:14     | Killed Lodul
 18382 | D:11     | Bought a scroll of fear for 60 gold pieces
 18382 | D:11     | Bought a scroll of amnesia for 60 gold pieces
 18440 | D:15     | Entered Level 15 of the Dungeon
 18880 | D:15     | Reached skill level 14 in Necromancy
 19070 | D:15     | Found a staircase to the Depths.
 19170 | D:15     | Found Koghaguedgh's Assorted Antiques.
 19179 | D:15     | Bought a small coral ring for 155 gold pieces
 19179 | D:15     | Bought a scroll labelled AXOIGU DIROOST for 31 gold pieces
 19676 | Orc:1    | Entered Level 1 of the Orcish Mines
 19896 | Orc:2    | Entered Level 2 of the Orcish Mines
 19904 | Orc:2    | Found Utirese's Magic Scroll Shop.
 19948 | Orc:2    | Bought a scroll of brand weapon for 133 gold pieces
 19948 | Orc:2    | Bought a scroll of vulnerability for 56 gold pieces
 19948 | Orc:2    | Bought a scroll of fear for 56 gold pieces
 19948 | Orc:2    | Bought a scroll of fear for 56 gold pieces
 19948 | Orc:2    | Bought a scroll of fear for 56 gold pieces
 19978 | Orc:2    | Reached XP level 16. HP: 69/82 MP: 12/30
 20463 | Orc:2    | Found a staircase to the Elven Halls.
 20543 | Orc:2    | Found Cibiusoa's General Store.
 20551 | Orc:2    | Bought a potion of might for 52 gold pieces
 20551 | Orc:2    | Bought a scroll of acquirement for 676 gold pieces
 20551 | Orc:2    | Acquired 1134 gold pieces
 20628 | Orc:2    | Found Paymat's Weapon Boutique.
 20628 | Orc:2    | Found Pogeracs's Weapon Shoppe.
 20630 | Orc:2    | Found Bequt's Book Emporium.
 20632 | Orc:2    | Found Xizeussu's Jewellery Shop.
 20644 | Orc:2    | Bought the amulet of the Four Winds {rN+ Will+++ Clar} for
                  | 849 gold pieces
 20644 | Orc:2    | Found the amulet of the Four Winds {rN+ Will+++ Clar}
 20777 | D:14     | Identified a +4 broad axe of pain (a +2 broad axe bloodied
                  | by Kikubaaqudgha)
 20777 | D:14     | Received a gift from Kikubaaqudgha
 21265 | Orc:1    | Found Ucsius's Jewellery Emporium.
 21775 | Shoals:1 | Entered Level 1 of the Shoals
 22096 | Shoals:1 | Found Wesyl's Weapon Shop.
 22193 | Shoals:1 | Reached skill level 5 in Earth Magic
 22594 | Shoals:1 | Noticed a kraken
 22759 | Shoals:1 | Killed a kraken
 22966 | Shoals:1 | Found Cocotzuo's Magic Scroll Shoppe.
 22969 | Shoals:1 | Bought a scroll of enchant armour for 97 gold pieces
 22969 | Shoals:1 | Bought 3 scrolls of magic mapping for 292 gold pieces
 22969 | Shoals:1 | Bought a scroll of enchant armour for 97 gold pieces
 22992 | Shoals:1 | Found Wirgheoq's General Store.
 23000 | Shoals:1 | Bought a potion of lignification for 54 gold pieces
 23000 | Shoals:1 | Bought a scroll of magic mapping for 135 gold pieces
 23457 | Shoals:2 | Noticed a kraken
 23475 | Shoals:2 | Killed a kraken
 23477 | Shoals:2 | Noticed Louise
 23498 | Shoals:2 | Killed Louise
 23874 | Shoals:2 | Reached skill level 10 in Shields
 24615 | Shoals:2 | Reached XP level 17. HP: 77/88 MP: 31/31
 24668 | Shoals:3 | Noticed Nikola
 24681 | Shoals:3 | Killed Nikola
 24695 | Shoals:3 | Reached skill level 15 in Necromancy
 25135 | Shoals:3 | Found Fietabas's Specific Store.
 25139 | Shoals:3 | Found Comneoru's General Store.
 25146 | Shoals:3 | Noticed Mara
 25162 | Shoals:3 | Killed Mara
 25196 | Shoals:3 | Bought a scroll of teleportation for 48 gold pieces
 25196 | Shoals:3 | Bought a potion of invisibility for 128 gold pieces
 25196 | Shoals:3 | Bought a scroll of fog for 64 gold pieces
 25638 | Shoals:3 | Reached skill level 15 in Axes
 26207 | D:2      | Killed Crazy Yiuf
 26512 | D:7      | Killed Gandelf's ghost
 26804 | D:13     | Killed Kiciri's ghost
 27108 | Spider:1 | Entered Level 1 of the Spider Nest
 29070 | Spider:2 | Reached XP level 18. HP: 93/93 MP: 32/32
 29119 | Spider:2 | Noticed Agnes
 29120 | Spider:2 | Noticed Aizul
 29323 | Spider:2 | Killed Agnes
 29340 | Spider:2 | Killed Aizul
 29496 | Spider:2 | Your ally Agnes died
 29721 | Spider:2 | Noticed Arachne
 29736 | Spider:2 | Killed Arachne
 29737 | Spider:2 | Reached skill level 5 in Dodging
 29872 | Spider:2 | Reached skill level 10 in Fighting
 31789 | Shoals:4 | Entered Level 4 of the Shoals
 32049 | Shoals:4 | Paralysed by an air elemental for 1 turns
 32056 | Shoals:4 | Paralysed by an air elemental for 1 turns
 32059 | Shoals:4 | Paralysed by an air elemental for 1 turns
 32060 | Shoals:4 | Reached skill level 16 in Necromancy
 32065 | Shoals:4 | Paralysed by an air elemental for 1 turns
 32075 | Shoals:4 | Paralysed by an air elemental for 1 turns
 32079 | Shoals:4 | Paralysed by an air elemental for 1 turns
 32086 | Shoals:3 | Paralysed by an air elemental for 1 turns
 32090 | Shoals:3 | Paralysed by an air elemental for 1 turns
 32298 | Shoals:4 | Paralysed by an air elemental for 1 turns
 32303 | Shoals:4 | Paralysed by an air elemental for 1 turns
 32383 | Shoals:4 | HP: 2/94 [drowned by a water nymph (10)]
 32383 | Shoals:4 | Mangled by a water elemental

Illustrated notes

Levels and vault maps discovered:
D:1:      psy_arrival_whirlpool, layout_rooms
D:2:      layout_loops_ring, serial_shops, shop, minmay_misc_feat_x,
          uniq_crazy_yiuf_cottage
D:3:      layout_basic, dreamdust_ecumenical_altar_statues, uniq_sigmund,
          uniq_terence, uniq_jessica
D:4:      layout_basic, minmay_temple_entry_crystal_x, minmay_cut_off
D:5:      layout_basic, uniq_blork_the_orc
D:6:      layout_gridville, slow_altar_2, nicolae_wu_jian_immortal_techniques,
          uniq_maggie
D:7:      layout_basic, old_standard_altar, gammafunk_ghost_abyssal_escape,
          serial_shops, shop, nicolae_hexahallways, uniq_pikel
D:8:      layout_cave_pods, mainiacjoe_overflow_paths, hellmonk_lair_entry_icy,
          minmay_crossroads
D:9:      layout_rooms, mainiacjoe_overflow_24_doors, uniq_harold, uniq_amaemon
D:10:     layout_layer_cave
D:11:     layout_rooms, serial_shops, shop
D:12:     layout_irregular_city, orc_0_dummy, gammafunk_ghost_stat_death,
          uniq_josephine, uniq_psyche, uniq_kirke
D:13:     layout_small_grid, skrybe_vaults_entry_preservation, serial_glass,
          glass_columns_a, glass_columns_b, gammafunk_ghost_nasty_kobolds,
          uniq_nessos
D:14:     layout_basic, grunt_decor_cap, elyvilon_altar_3, uniq_lodul,
          uniq_snorg
D:15:     grunt_enter_depths_magical_seal, layout_gridville, serial_shops, shop,
          serial_bayou_pond_c
Temple:   minmay_temple_bridge_d
Lair:1:   layout_gridlike, basic_altar, infiniplex_staircase_pool_2
Lair:2:   layout_chaotic_city, spider_nest_entry_webs, small_statue_intersection
Lair:3:   regret_index_wax_grids, layout_chaotic_city, elwin_shoals_entry_rooms,
          kennysheep_abandoned_house, serial_bayou_shore_a
Lair:4:   layout_cave_pods, slime_entry_1, serial_rivers,
          chequers_serial_rivers_room_a, chequers_serial_rivers_large_a,
          chequers_serial_rivers_micro_b, chequers_serial_rivers_micro_b,
          chequers_serial_rivers_micro_c
Lair:5:   grunt_lair_end_beastmaster, layout_hall_layers, grunt_megastairs_4
Shoals:1: layout_shoals, serial_shops, nicolae_shop_rolled_up,
          nicolae_shop_bloodbath_and_beyond, shop
Shoals:2: layout_shoals, uniq_louise
Shoals:3: layout_shoals, nicolae_specific_store, nicolae_shoals_gull_way,
          uniq_nikola, uniq_mara
Shoals:4: shoals_end_hellmonk_storm_palace [storm_palace_center_square,
          storm_palace_corner_reverse_hut, storm_palace_corner_grid,
          storm_palace_corner_pillars, storm_palace_corner_blocked],
          serial_shops
Spider:1: layout_spider_delve, nicolae_spider_eight_legs
Spider:2: layout_spider_delve, hangedman_spider_tarantella_strand, uniq_arachne,
          uniq_aizul, uniq_agnes
Spider:3: nicolae_spider_jumping_over_cracks [nicolae_spider_jumping_sub_moat,
          nicolae_spider_jumping_sub_rim, nicolae_spider_jumping_sub_stairs,
          nicolae_spider_jumping_sub_notch]
Orc:1:    layout_caves, serial_shops, nicolae_shop_gaudy_bauble,
          nicolae_orc_sculptors_studio, statue_in_the_mist_lemuel, mines1_david
Orc:2:    st_orc_rangers, layout_caves, serial_shops, shop, shop

Skill      XL: |  1  2  3  4  5  6  7  8  9 10 11 12 13 14 15 16 17 18 |
---------------+-------------------------------------------------------+-----
Axes           | 2 3 5 6 7 8 9 10 11 12 13 14 15 | 15.7
Necromancy     | 4 6 8 9 10 11 12 13 14 15 16 | 16.0
Fighting       | 3 4 5 6 7 8 9 10 | 10.2
Spellcasting   | 2 4 5 6 7 8 9 |  9.1
Stealth        | 2 5 6 7 9 |  9.6
Shields        | 3 5 7 8 9 10 11 | 11.6
Hexes          | 1 3 5 6 7 |  7.0
Dodging        | 2 3 4 5 |  5.4
Armour         | 3 4 5 |  5.5
Earth Magic    | 1 3 6 8 9 |  9.1

Action                     |  1- 3 |  4- 6 |  7- 9 | 10-12 | 13-15 | 16-18 || total
---------------------------+-------+-------+-------+-------+-------+-------++-------
  Melee: War axe           |    74 |    49 |   109 |   330 |   751 |    99 ||  1412
         Bite              |    13 |     6 |    46 |   115 |   333 |   230 ||   743
         Hand axe          |       |     5 |    63 |       |       |       ||    68
         Broad axe         |       |       |       |       |       |   531 ||   531
  Throw: Throwing net      |       |       |     3 |     2 |     2 |       ||     7
         Dart              |       |       |    13 |       |     2 |     1 ||    16
   Cast: Animate Dead      |       |       |       |    10 |    16 |    22 ||    48
         Anguish           |       |       |       |     5 |    64 |    92 ||   161
         Borgnjor's Vile C |       |       |       |       |    12 |    94 ||   106
         Death Channel     |       |       |       |       |       |    44 ||    44
 Invoke: Unearth Wretches  |       |       |       |       |     1 |    15 ||    16
         Brand Weapon With |       |       |       |       |       |     1 ||     1
         Torment           |       |       |       |       |       |     1 ||     1
  Evoke: Wand              |       |       |     3 |     5 |     2 |       ||    10
         Phantom mirror    |       |       |       |       |     2 |     2 ||     4
    Use: Potion            |       |     1 |       |     2 |       |       ||     3
         Scroll            |       |     4 |     1 |    16 |    14 |    12 ||    47
   Stab: Held in net/web   |       |       |     1 |     2 |       |       ||     3
         Sleeping          |       |       |     1 |     5 |    12 |    11 ||    29
         Distracted        |       |       |       |     2 |    14 |    17 ||    33
         Petrified         |       |       |       |       |    34 |       ||    34
         Petrifying        |       |       |       |       |     2 |       ||     2
         Paralysed         |       |       |       |       |       |    13 ||    13
 Armour: Scale mail        |    33 |    22 |    11 |       |       |       ||    66
         Steam dragon scal |       |       |    41 |    90 |       |       ||   131
         Robe              |       |       |       |    27 |   268 |   314 ||   609
  Dodge: Dodged            |    31 |    21 |    51 |   185 |   443 |   390 ||  1121
  Block: Buckler           |    14 |    12 |    34 |   118 |   238 |    41 ||   457
         Kite shield       |       |       |       |       |       |   574 ||   574

Table legend: (Time is in decaauts)
 A = Elapsed time spent in this place.
 B = Non-inter-level travel time spent in this place.
 C = Inter-level travel time spent in this place.
 D = Time resting spent in this place.
 E = Time spent auto-exploring this place.
 F = Levels seen in this place.
 G = Mean time per level.
                   A        B        C        D        E       F      G
               +--------+--------+--------+--------+--------+-----+--------+
         Total |  34819 |  31534 |   3285 |   2565 |  21027 |  30 | 1160.6 |
       Dungeon |  15467 |  13562 |   1905 |    700 |   9313 |  15 | 1031.1 |
        Temple |    159 |     67 |     92 |      0 |     59 |   1 |  159.0 |
          Lair |   7121 |   6546 |    575 |    522 |   4462 |   5 | 1424.2 |
        Shoals |   5451 |   5194 |    257 |    983 |   2882 |   4 | 1362.8 |
   Spider Nest |   4729 |   4451 |    278 |    258 |   3138 |   3 | 1576.3 |
  Orcish Mines |   1890 |   1714 |    176 |    102 |   1171 |   2 |  945.0 |
               +--------+--------+--------+--------+--------+-----+--------+

Top non-repeatable levels by time:
Spider:1: 1810 daAuts
  Lair:3: 1774 daAuts
    D:14: 1762 daAuts
Spider:2: 1716 daAuts
Shoals:3: 1657 daAuts
Shoals:1: 1645 daAuts
  Lair:5: 1629 daAuts
Shoals:2: 1613 daAuts
    D:12: 1605 daAuts
  Lair:4: 1526 daAuts
  Lair:1: 1459 daAuts
    D:13: 1380 daAuts
    D:15: 1291 daAuts
     D:2: 1209 daAuts
Spider:3: 1202 daAuts
